 Dungeon Crawl Stone Soup version 0.24.1-8-ga250c9d538 (webtiles) character file.

Game seed: 9672778984424871117, levelgen mode: deterministic

144 Hugehornet the Insei (level 5, 0/33 HPs)
             Began as an Octopode Transmuter on May 7, 2020.
             Was a Follower of Cheibriados.
             Killed by nerve-wracking pain
             ... invoked by an orc priest
              (14 damage)
             ... on level 3 of the Dungeon.
             The game lasted 00:05:51 (2235 turns).

Hugehornet the Insei (Octopode Transmuter)          Turns: 2235, Time: 00:05:52

Health: 0/33       AC:  2    Str: 12    XL:     5   Next: 26%
Magic:  2/8        EV: 20    Int: 18    God:    Cheibriados [*.....]
Gold:   124        SH:  0    Dex: 19    Spells: 2/8 levels left

rFire    . . .     SeeInvis .     - Unarmed
rCold    + . .     Gourm    .   (shield currently unavailable)
rNeg     . . .     Faith    .   (helmet currently unavailable)
rPois    x         Spirit   .   (no amulet)
rElec    .         Reflect  .   k - ring of protection from cold
rCorr    .         Harm     .   (no ring)
MR       .....                  (no ring)
Stlth    ++........             (no ring)
HPRegen  0.11/turn              (no ring)
MPRegen  0.11/turn              (no ring)
                                (no ring)
                                (no ring)

@: lethally poisoned (0 -> -19), spider-form, very slightly contaminated, very
slow
A: tiny, almost no armour, stealthy swim, (amphibious), 8 rings, (constrict 8)
a: End Transformation, Bend Time, Renounce Religion


You were on level 3 of the Dungeon.
You worshipped Cheibriados.
Cheibriados was aware of your devotion.
You were hungry.
You were a venomous arachnid creature.
You visited 1 branch of the dungeon, and saw 3 of its levels.

You collected 124 gold pieces.

Inventory:

Missiles
 a - 67 arrows
Armour
 e - a +0 buckler
Jewellery
 k - a ring of protection from cold (left front leg)
Scrolls
 b - a scroll of identify {unknown}
Potions
 h - a potion of brilliance {unknown}
 i - a potion of heal wounds {unknown}
Comestibles
 c - 5 rations
 j - 4 chunks of flesh


   Skills:
 - Level 1.0 Fighting
 - Level 2.0 Dodging
 * Level 4.5 Unarmed Combat
 + Level 2.0 Spellcasting
 - Level 3.4 Transmutations
 + Level 1.7 Poison Magic
 * Level 0.8 Invocations


You had 2 spell levels left.
You knew the following spells:

 Your Spells              Type           Power        Failure   Level  Hunger
a - Beastly Appendage     Tmut           ##....       13%         1    #......
b - Sticks to Snakes      Tmut           ##......     19%         2    ###....
c - Spider Form           Tmut/Pois      ##........   38%         3    ###....

Your spell library contained the following spells:

 Spells                   Type           Power        Failure   Level  Hunger
 Ice Form                 Ice/Tmut       #.......     83%         4    #####..
 Blade Hands              Tmut           ##........   90%         5    ######.


Dungeon Overview and Level Annotations

Branches:
Dungeon (3/15)

Altars:
Cheibriados


Innate Abilities, Weirdness & Mutations

You cannot wear most types of armour.
You are very stealthy in the water. (Stealth+)
((You are amphibious.))
You can wear up to eight rings at the same time.
((You can use your tentacles to constrict eight enemies at once.))
((Your skin changes colour to match your surroundings (Stealth+).))
((Your rubbery body absorbs attacks. (AC +1, EV +1)))


Message History

Casting: Beastly Appendage (safe; 4% risk of failure)
Confirm with . or Enter, or press ? or * to list all spells.
You miscast Spider Form.
You are very lightly contaminated with residual magic.
Nothing appears to happen.
Casting: Spider Form (safe; 19% risk of failure)
Confirm with . or Enter, or press ? or * to list all spells.
You turn into a venomous arachnid creature.
The orc priest looks satisfied for a moment.
The orc priest hits you with a +0 flail of venom.
You are lethally poisoned!
The orc priest hits you from afar with a +0 trident.
Things that are here:
a stone; a +0 leather armour You bite the orc priest!
The orc priest is poisoned.
The orc priest is heavily wounded.
You feel sick.
The orc priest calls down the wrath of Beogh upon you.
Pain shoots through your body!
You die...

#... #... ####...
....... ....... .......
##############
.......####............#
......o..oo............+
).....#####s.(.........#
..... #............#
.... ######.......# ..o
#.......# ..
######.......##### .
..............)).†.
##............####.
#.........#### #.
#.........# ##


You could see 2 orc priests and an orc.

Vanquished Creatures
  Crazy Yiuf (D:2)
  Jessica (D:2)
  An adder (D:2)
  An ooze (D:3)
  2 worms
  2 dart slugs
  2 leopard geckos
  5 orcs (D:3)
  2 giant cockroaches (D:1)
  7 hobgoblins
  A quokka (D:2)
  A ball python (D:1)
  6 bats
  6 frilled lizards
  9 goblins
  3 kobolds
  12 rats
62 creatures vanquished.

Notes
Turn   | Place    | Note
-------+----------+-------------------------------------------
     0 | D:1      | Hugehornet the Octopode Transmuter began the quest for the
                  | Orb.
     0 | D:1      | Reached XP level 1. HP: 13/13 MP: 3/3
   111 | D:1      | Reached XP level 2. HP: 17/18 MP: 3/5
   143 | D:1      | Learned a level 2 spell: Sticks to Snakes
   410 | D:1      | Reached XP level 3. HP: 20/23 MP: 4/6
   720 | D:1      | Learned a level 3 spell: Spider Form
   994 | D:2      | Found a snail-covered altar of Cheibriados.
  1095 | D:2      | Noticed Jessica
  1100 | D:2      | Killed Jessica
  1100 | D:2      | Reached skill level 4 in Unarmed Combat
  1100 | D:2      | Reached XP level 4. HP: 12/28 MP: 3/7
  1109 | D:2      | Became a worshipper of Cheibriados the Contemplative
  1386 | D:2      | Found a runed translucent door.
  1387 | D:2      | Noticed Crazy Yiuf
  1435 | D:2      | Reached skill level 1 in Poison Magic
  1961 | D:2      | Killed Crazy Yiuf
  1961 | D:2      | Reached XP level 5. HP: 33/33 MP: 4/8
  2111 | D:3      | Reached * piety under Cheibriados
  2235 | D:3      | Killed from afar by an orc priest

Levels and vault maps discovered:
D:1:      sevenhm_arrival_forest_fort_large_4, layout_basic,
          serial_bayou_pond_e, chequers_decorated_corner, interstate_on_off
D:2:      layout_loops_ring, cheibriados_altar_1, uniq_jessica,
          uniq_crazy_yiuf_cottage
D:3:      layout_basic, first_ration

Skill      XL: |  1  2  3  4 |
---------------+-------------+-----
Unarmed Combat | 4 |  4.5
Transmutations | 3 |  3.4
Poison Magic   | 1 |  1.7
Fighting       | |  1.0
Dodging        | |  2.0
Spellcasting   | |  2.0
Invocations    | |  0.8

Action                   |  1- 3 |  4- 6 || total
-------------------------+-------+-------++-------
Melee: Unarmed           |    62 |    65 ||   127
       Kick              |    15 |    15 ||    30
       Constrict         |    17 |    15 ||    32
       Tentacles         |     8 |     4 ||    12
       Punch             |       |     1 ||     1
 Cast: Beastly Appendage |    21 |    13 ||    34
       Spider Form       |     1 |     4 ||     5
  Use: Scroll            |       |     4 ||     4
 Stab: Sleeping          |     5 |     2 ||     7
  Eat: Chunk             |       |     5 ||     5
Armor: Skin              |     7 |     5 ||    12
Dodge: Dodged            |    41 |    40 ||    81
